 Dungeon Crawl Stone Soup version 0.23-a0-619-g281719c (console) character file.

91870 Duffy the Severer (level 16, -7/140 HPs)
             Began as a Naga Fighter on Dec 22, 2018.
             Was the Champion of Cheibriados.
             Mangled by an 18-headed hydra (11 damage)
             ... on level 14 of the Dungeon.
             The game lasted 00:35:05 (22597 turns).

Duffy the Severer (Naga Fighter)                   Turns: 22597, Time: 00:35:06

Health: -7/140     AC: 15    Str: 35    XL:     16   Next: 4%
Magic:  0/28       EV: 23    Int: 31    God:    Cheibriados [******]
Gold:   1464       SH: 15    Dex: 29    Spells: 15/15 levels left

rFire    + . .     SeeInvis +   S - +2 war axe (elec)
rCold    + . .     Gourm    .   Y - +0 shield {reflect}
rNeg     . . .     Faith    .   p - +4 moon troll leather armour {Spirit, Regen++ MP+5}
rPois    +         Spirit   +   M - +2 hat "Qeovemn" {rC+ Regen+ Int+3 Dex+2}
rElec    .         Reflect  +   I - +0 cloak {+Inv}
rCorr    .         Harm     .   C - +0 pair of gloves
MR       +++..                  (no barding)
Stlth    ++........             i - amulet of regeneration
HPRegen  1.93/turn              o - ring of protection from fire
MPRegen  0.21/turn              L - ring of protection from magic

@: very slow
A: large, see invisible, deformed body, poison resistance, slowness 2, slow
metabolism 1, spit poison 1, constrict 1, AC +5
a: Spit Poison, Bend Time, Temporal Distortion, Slouch, Step From Time, Renounce
Religion, Evoke Invisibility


You were on level 14 of the Dungeon.
You worshipped Cheibriados.
Cheibriados was exalted by your worship.
You were hungry.

You visited 4 branches of the dungeon, and saw 23 of its levels.
You also visited: Gauntlet and Ice Cave.

You collected 2323 gold pieces.
You spent 859 gold pieces at shops.

Inventory:

Hand Weapons
 H - a +1 scimitar of flaming
 K - a +0 broad axe of venom
 S - a +2 war axe of electrocution (weapon)
Missiles
 r - 3 curare-tipped needles
 x - 12 steel javelins
 F - 5 throwing nets (quivered)
Armour
 p - the +4 moon troll leather armour (worn) {Spirit, Regen++ MP+5}
   (You bought it in a shop on level 8 of the Dungeon)

   It affects your magic capacity (+5).
   It increases your rate of regeneration.
 C - a +0 pair of gloves (worn)
 I - a +0 cloak of invisibility (worn)
 M - the +2 hat "Qeovemn" (worn) {rC+ Regen+ Int+3 Dex+2}
   (You found it in a Gauntlet)

   It affects your intelligence (+3).
   It affects your dexterity (+2).
   It protects you from cold.
   It increases your rate of regeneration.
 Y - a +0 shield of reflection (worn)
Jewellery
 b - an uncursed ring of resist corrosion
 i - an amulet of regeneration (around neck)
 o - a ring of protection from fire (left hand)
 w - an uncursed ring of flight
 E - an uncursed ring of fire
 L - a ring of protection from magic (right hand)
 U - an uncursed ring of ice
 W - the ring of Civitiott {rC- rN+ MR+ Str+3 Dex+2, unknown}
   (You found it in a Gauntlet)

   [ring of protection from magic]

   It affects your strength (+3).
   It affects your dexterity (+2).
   It makes you vulnerable to cold.
   It protects you from negative energy.
   It affects your resistance to hostile enchantments.
Wands
 t - a wand of flame (30)
 B - a wand of digging (5)
 D - a wand of acid (23)
 O - a wand of paralysis (25)
 T - a wand of iceblast (7)
 V - a wand of disintegration (7)
 X - a wand of polymorph (11)
Scrolls
 j - 9 scrolls of remove curse
 n - 3 scrolls of enchant weapon
 q - 3 scrolls of fog
 s - 7 scrolls of teleportation
 u - a scroll of fear
 y - 2 scrolls of magic mapping
 G - 5 scrolls of immolation
 J - 4 scrolls of enchant armour
 N - 2 scrolls of identify
 Q - a scroll of vulnerability
Potions
 d - a potion of might
 e - 3 potions of brilliance
 g - 11 potions of curing
 h - 3 potions of mutation
 k - 2 potions of flight
 m - 3 potions of heal wounds
 v - 3 potions of lignification
 z - 3 potions of ambrosia
 A - 2 potions of agility
 P - a potion of invisibility
Comestibles
 f - 29 rations


   Skills:
 - Level 8.0 Fighting
 + Level 15.3 Axes
 - Level 2.4 Armour
 + Level 12.8 Dodging
 - Level 9.0 Shields
 - Level 9.0 Invocations
 - Level 10.0 Evocations


You had 15 spell levels left.
You didn't know any spells.
Your spell library contained the following spells:

 Spells                   Type           Power        Failure   Level  Hunger
 Apportation              Tloc           #.....       10%         1    ##.....
 Freeze                   Ice            #...         10%         1    ##.....
 Infusion                 Chrm           #...         10%         1    ##.....
 Summon Butterflies       Summ           #.......     10%         1    ##.....
 Shroud of Golubria       Chrm/Tloc      #.........   14%         2    ###....
 Song of Slaying          Chrm           #.......     14%         2    ###....
 Throw Frost              Conj/Ice       #.....       14%         2    ###....
 Lesser Beckoning         Tloc           #.........   28%         3    ####...
 Ozocubu's Armour         Chrm/Ice       #.......     28%         3    ####...
 Recall                   Summ/Tloc      N/A          28%         3    ####...
 Regeneration             Chrm/Necr      #.........   28%         3    ####...
 Spectral Weapon          Hex/Chrm       #.......     28%         3    ####...
 Tukima's Dance           Hex            #.......     28%         3    ####...
 Animate Dead             Necr           N/A          67%         4    #####..
 Summon Ice Beast         Ice/Summ       #.......     67%         4    #####..
 Throw Icicle             Conj/Ice       #.......     67%         4    #####..
 Alistair's Intoxication  Tmut/Pois      #.......     95%         5    ######.
 Borgnjor's Vile Clutch   Necr/Erth      #.........   95%         5    ######.
 Death Channel            Necr           #.........   100%        6    #######
 Invisibility             Hex            #.......     100%        6    #######
 Simulacrum               Ice/Necr       #.........   100%        6    #######


Dungeon Overview and Level Annotations

Branches:
Dungeon (14/15)            Temple (1/1) D:7            Lair (6/6) D:10
 Spider (0/4) Lair:2        Slime (0/5) Lair:5          Orc (2/2) D:9
    Elf (0/3) Orc:2
  Swamp: Lair:2-4    Shoals: Lair:2-4    Vaults: D:13-14

Altars:
Ashenzari
Cheibriados
Dithmenos
Elyvilon
Fedhas
Gozag
Hepliaklqana
Kikubaaqudgha
Makhleb
Nemelex Xobeh
Okawaru
Qazlal
Ru
Sif Muna
Trog
Uskayaw
Vehumet
Wu Jian
Xom
Yredelemnul
Zin
The Shining One
Beogh
Jiyva

Shops:
D:5 =   D:8 [   Orc:2 (*:[


Innate Abilities, Weirdness & Mutations

You cannot wear boots.
Your serpentine skin is tough. (AC +5)
You have supernaturally acute eyesight. (SInv)
Armour fits poorly on your strangely shaped body.
Your system is resistant to poisons. (rPois)
You cover ground very slowly.
You have a slow metabolism.
You can spit poison.
You can use your snake-like lower body to constrict enemies.


Message History

The 17-headed hydra barely misses you. The 17-headed hydra bites you!
The 17-headed hydra closely misses you.
The 17-headed hydra completely misses you.
You slice one of the 17-headed hydra's heads off!
The 16-headed hydra grows two more!
You slice the 18-headed hydra!!
Lightning courses through the 18-headed hydra!
The 18-headed hydra is almost dead.
You hear two shouts!
You block the 18-headed hydra's attack. The 18-headed hydra closely misses you.
The 18-headed hydra bites you.
The 18-headed hydra completely misses you.
The 18-headed hydra bites you.
The 18-headed hydra bites you but does no damage.
The 18-headed hydra closely misses you. The 18-headed hydra bites you!
You block the 18-headed hydra's attack. x2
The 18-headed hydra closely misses you. x2; The 18-headed hydra bites you.
The 18-headed hydra closely misses you. The 18-headed hydra bites you.
The 18-headed hydra closely misses you. The 18-headed hydra misses you.
The 18-headed hydra bites you!
You die...

...##..# #...##..##.#
...##..# #...##..##.#
...##..# #...##..##.#
...##..#*#...##..##.#
........,,,,,*#..*#.#
..###,,,,,.,,*#..*#.#
,,* *,,***#..##..##.#
,,* *,,* #.........#
,,* *,,* #......@..#
,,* *>,* #.....D...#
.,* *,,* #.........#
,,* *,,* #.........#
,,* *,,* #.........#
*,* *,,* #.........#
*,* *,,***#.........#
*,* *,,,,,..........#
*,* *,,,,,,,,,,,,,,,*


You could see a 18-headed hydra.

Vanquished Creatures
  Saint Roka (Orc:2)
  Rupert (Orc:2)
  Kirke (D:12)
  2 entropy weavers (D:12)
  A reaper (Gauntlet)
  6 dire elephants (Lair:6)
  Nessos (D:12)
  A minotaur (Gauntlet)
  The ghost of RexLacerta the Slinger, a journeyman HaHu of Okawaru (Orc:2)
  Snorg (D:12)
  An ettin (D:9)
  Erolcha (D:9)
  Fannar (D:11)
  7 hydras
  Harold (D:7)
  Erica (D:9)
  An anaconda (Lair:6)
  3 centaur warriors
  A queen ant (D:12)
  6 death yaks (Lair:6)
  An orc high priest (Orc:2)
  Nergalle (D:11)
  Pikel (D:5)
  A necromancer (Gauntlet)
  A deep elf mage (D:12)
  4 orc knights (Orc:2)
  3 orc sorcerers (Orc:2)
  A moth of wrath (Gauntlet)
  2 manticores
  3 ugly things
  24 elephants
  2 ice statues (IceCv)
  6 spiny frogs
  4 black mambas
  A centaur zombie (D:14)
  A rime drake (Lair:4)
  A gargoyle (D:10)
  2 centaur skeletons
  5 komodo dragons
  A hellwing (Gauntlet)
  4 yaktaurs (D:14)
  A polar bear (Lair:5)
  2 trolls
  Grinder (D:6)
  9 hippogriffs
  A hornet (D:11)
  3 slime creatures (D:12)
  5 dream sheep (Lair:6)
  11 blink frogs
  Sigmund (D:6)
  31 yaks
  5 wyverns
  5 hogs (D:12)
  A vampire (D:11)
  7 basilisks
  A hog (shapeshifter) (D:12)
  4 wargs
  An acid dragon (D:10)
  A swamp worm (Lair:3)
  26 soldier ants
  14 water moccasins
  3 porcupines
  34 orc warriors
  4 black bears
  16 ice beasts
  A phantom (D:6)
  12 ogres
  2 sky beasts
  A necrophage (D:8)
  24 wolves
  10 centaurs
  9 crocodiles
  2 big kobolds
  Blork the orc (D:5)
  15 bullfrogs
  3 scorpions
  A wyvern skeleton (D:9)
  3 killer bees (D:7)
  9 wights
  5 howler monkeys
  2 electric eels (D:9)
  9 crimson imps
  A bullfrog zombie (D:6)
  4 quasits
  5 hounds
  A gnoll shaman (D:8)
  28 orc priests
  Crazy Yiuf (D:7)
  4 jellies
  32 orc wizards
  A bullfrog skeleton (D:8)
  An iguana (Lair:3)
  24 worker ants
  A killer bee zombie (D:6)
  4 hound zombies
  A worker ant zombie (D:10)
  A howler monkey skeleton (D:9)
  9 gnolls
  13 adders
  3 shadow imps
  2 oozes
  An adder zombie (D:9)
  An adder skeleton (D:6)
  A worm (D:3)
  3 dart slugs
  7 leopard geckos
  75 orcs
  A ball python (D:3)
  3 giant cockroaches
  7 goblins
  12 hobgoblins
  9 jackals
  10 quokkas
  8 bats
  6 frilled lizards
  18 kobolds
  A leopard gecko skeleton (D:6)
  A quokka skeleton (D:7)
  7 rats
  2 fungi
  2 plants (Lair:6)
715 creatures vanquished.

Vanquished Creatures (others)
  A troll (Orc:2)
  A human (D:13)
  An orc warrior (Orc:2)
  A crimson imp (D:6)
  2 orc priests
  2 orc wizards
  3 orcs
  3 fungi
  7 plants
  16 withered plants (Gauntlet)
37 creatures vanquished.

Grand Total: 752 creatures vanquished

Notes
Turn   | Place    | Note
-------+----------+-------------------------------------------
     0 | D:1      | Duffy the Naga Fighter began the quest for the Orb.
     0 | D:1      | Reached XP level 1. HP: 21/21 MP: 1/1
     2 | D:1      | Noticed a naga
     2 | D:1      | Noticed a formicid
     4 | D:1      | Noticed a draconian
     4 | D:1      | Noticed a merfolk
     7 | D:1      | Noticed a troll
     7 | D:1      | Noticed an octopode
     9 | D:1      | Noticed a demonspawn
    11 | D:1      | Noticed a demigod
    11 | D:1      | Noticed a ghoul
    13 | D:1      | Noticed a minotaur
    15 | D:1      | Noticed an elf
    15 | D:1      | Noticed a vine stalker
    17 | D:1      | Noticed a human
    17 | D:1      | Noticed a felid
    19 | D:1      | Noticed a dwarf
    21 | D:1      | Noticed an ogre
    21 | D:1      | Noticed a halfling
    23 | D:1      | Noticed a centaur
    23 | D:1      | Noticed a vampire
    25 | D:1      | Noticed a gargoyle
    27 | D:1      | Noticed a tengu
    27 | D:1      | Noticed a spriggan
   129 | D:1      | Reached XP level 2. HP: 15/28 MP: 2/2
   448 | D:3      | Reached XP level 3. HP: 27/34 MP: 3/3
   624 | D:3      | Reached skill level 3 in Axes
   686 | D:3      | Reached XP level 4. HP: 23/42 MP: 4/4
   808 | D:5      | Entered Level 5 of the Dungeon
   811 | D:5      | Noticed Blork the orc
   829 | D:5      | Killed Blork the orc
   829 | D:5      | Reached XP level 5. HP: 21/49 MP: 5/5
   993 | D:5      | Reached skill level 4 in Axes
  1124 | D:5      | Reached XP level 6. HP: 44/56 MP: 6/6
  1149 | D:5      | Found a sparkling altar of Nemelex Xobeh.
  1193 | D:5      | Found Umiuro's Jewellery Shoppe.
  1440 | D:4      | Reached skill level 5 in Axes
  1445 | D:4      | Found a blossoming altar of Fedhas.
  1521 | D:5      | Found an ornate altar of the Wu Jian Council.
  1628 | D:5      | Found a bloodstained altar of Trog.
  1647 | D:6      | Noticed Sigmund
  1652 | D:6      | Noticed Pikel
  1653 | D:6      | Noticed a slave
  1703 | D:6      | Noticed a slave
  1704 | D:6      | Noticed a slave
  1720 | D:5      | Killed Pikel
  1720 | D:5      | Reached skill level 6 in Axes
  1720 | D:5      | Reached skill level 5 in Shields
  1720 | D:5      | Reached XP level 7. HP: 43/62 MP: 7/7
  1758 | D:6      | Reached XP level 8. HP: 59/69 MP: 8/8
  1855 | D:6      | Killed Sigmund
  1898 | D:6      | Reached skill level 7 in Axes
  1963 | D:6      | Noticed Grinder
  1966 | D:6      | Paralysed by Grinder for 4 turns
  1978 | D:6      | Killed Grinder
  2251 | D:6      | Found an iron altar of Okawaru.
  2264 | D:7      | Reached skill level 8 in Axes
  2276 | D:7      | Found a staircase to the Ecumenical Temple.
  2284 | D:7      | Reached XP level 9. HP: 74/75 MP: 9/9
  2292 | Temple   | Entered the Ecumenical Temple
  2317 | Temple   | Became a worshipper of Cheibriados the Contemplative
  3026 | D:2      | Reached * piety under Cheibriados
  3143 | D:2      | Found a stormy altar of Qazlal.
  3475 | D:3      | Found a basalt altar of Yredelemnul.
  3866 | D:4      | Found a sacrificial altar of Ru.
  4577 | D:5      | Found a glowing silver altar of Zin.
  4892 | D:7      | Found a glowing golden altar of the Shining One.
  4946 | D:7      | Got a wizard robe
  5022 | D:7      | Identified the +0 robe of Failure {rC+++ MR- rCorr SInv}
                  | (You found it on level 7 of the Dungeon)
  5052 | D:7      | Reached ** piety under Cheibriados
  5096 | D:7      | Reached skill level 9 in Axes
  5139 | D:7      | Noticed Harold
  5157 | D:7      | Killed Harold
  5260 | D:7      | Reached XP level 10. HP: 84/84 MP: 10/10
  5272 | D:7      | Found a shattered altar of Ashenzari.
  5285 | D:7      | Reached skill level 10 in Axes
  5527 | D:7      | Found a runed door.
  5531 | D:7      | Noticed Crazy Yiuf
  5533 | D:7      | Killed Crazy Yiuf
  5719 | D:7      | Reached skill level 1 in Evocations
  5800 | D:8      | Reached *** piety under Cheibriados
  5850 | D:8      | Found Teyjyib's Armour Emporium.
  6107 | D:8      | Found a white marble altar of Elyvilon.
  6718 | D:9      | Noticed Erolcha
  6729 | D:9      | Killed Erolcha
  6729 | D:9      | Reached skill level 5 in Evocations
  6771 | D:9      | Reached skill level 1 in Dodging
  6790 | D:9      | Reached skill level 1 in Invocations
  6811 | D:9      | Reached **** piety under Cheibriados
  7096 | D:9      | Reached skill level 5 in Fighting
  7282 | D:9      | Reached XP level 11. HP: 85/96 MP: 14/14
  7327 | D:10     | Entered Level 10 of the Dungeon
  7407 | D:9      | Reached ***** piety under Cheibriados
  8729 | D:10     | Found a staircase to the Lair.
  9031 | D:9      | Reached skill level 5 in Invocations
  9275 | D:9      | Found a staircase to the Orcish Mines.
  9561 | D:9      | Found a burning altar of Makhleb.
  9744 | Orc:1    | Entered Level 1 of the Orcish Mines
 10057 | Orc:1    | Noticed an ettin
 10060 | Orc:1    | Noticed Erica
 10065 | D:9      | HP: 3/99 [ettin/+0 dire flail (30)]
 10233 | D:9      | Killed an ettin
 10358 | D:9      | Killed Erica
 10472 | Orc:1    | Reached skill level 5 in Dodging
 10719 | D:8      | Bought the +4 moon troll leather armour {Spirit, Regen++
                  | MP+5} for 763 gold pieces
 10719 | D:8      | Found the +4 moon troll leather armour {Spirit, Regen++
                  | MP+5}
 10984 | Lair:1   | Entered Level 1 of the Lair of Beasts
 11115 | Lair:1   | Reached XP level 12. HP: 67/110 MP: 11/17
 12148 | Lair:2   | Found a frozen archway.
 12174 | IceCv    | Entered an ice cave
 12184 | IceCv    | Reached ****** piety under Cheibriados
 12211 | IceCv    | Found a transporter.
 12233 | IceCv    | Found a transporter.
 13018 | Lair:2   | Found a hole to the Spider Nest.
 13763 | Lair:3   | Gained mutation: You can use your snake-like lower body to
                  | constrict enemies. [Naga growth]
 13763 | Lair:3   | Reached XP level 13. HP: 117/117 MP: 19/19
 14641 | Lair:4   | Reached skill level 11 in Axes
 14726 | Lair:4   | Found a blossoming altar of Fedhas.
 14974 | Lair:4   | Identified a scroll of acquirement
 14995 | Lair:4   | Got a brightly glowing plate armour
 15006 | Lair:4   | Identified the +0 plate armour of the Valley of Death
                  | {rN+++} (You acquired it on level 4 of the Lair of Beasts)
 15608 | Lair:5   | Found a viscous altar of Jiyva.
 15608 | Lair:5   | Found a staircase to the Slime Pits.
 16620 | Lair:6   | Entered Level 6 of the Lair of Beasts
 16756 | Lair:6   | Reached skill level 12 in Axes
 16756 | Lair:6   | Reached XP level 14. HP: 97/126 MP: 18/20
 17120 | Lair:6   | Reached skill level 10 in Dodging
 17445 | Lair:6   | Got a heavily runed cloak
 17456 | Lair:6   | Identified the +0 cloak of Cowardice {Str+2} (You acquired
                  | it on level 6 of the Lair of Beasts)
 17907 | Lair:6   | Found the +7 mace of Variability {chain chaos}
 17936 | Lair:6   | Noticed a dire elephant
 17936 | Lair:6   | Noticed a dire elephant
 17963 | Lair:6   | Killed a dire elephant
 17973 | Lair:6   | Killed a dire elephant
 18011 | Lair:6   | Noticed a dire elephant
 18026 | Lair:6   | Killed a dire elephant
 18026 | Lair:6   | Reached skill level 10 in Evocations
 18030 | Lair:6   | Noticed a dire elephant
 18053 | Lair:6   | Killed a dire elephant
 18141 | Lair:6   | Noticed a dire elephant
 18159 | Lair:6   | Noticed a dire elephant
 18166 | Lair:6   | Killed a dire elephant
 18182 | Lair:6   | Killed a dire elephant
 18333 | Lair:6   | Reached skill level 13 in Axes
 18673 | Orc:2    | Entered Level 2 of the Orcish Mines
 18718 | Orc:2    | Found a shimmering altar of Xom.
 18746 | Orc:2    | Found a staircase to the Elven Halls.
 18893 | Orc:2    | Found a burning altar of Makhleb.
 18895 | Orc:2    | Noticed Rupert
 18905 | Orc:2    | Killed Rupert
 18969 | Orc:2    | Noticed Saint Roka
 18970 | Orc:2    | Found a roughly hewn altar of Beogh.
 18990 | Orc:2    | Reached XP level 15. HP: 55/132 MP: 7/22
 18991 | Orc:2    | Found Asuubu's General Store.
 19342 | Orc:2    | Killed Saint Roka
 19342 | Orc:2    | Reached skill level 14 in Axes
 19363 | Orc:2    | Found Jegurunoh's Antique Weapon Boutique.
 19387 | Orc:2    | Found Funo Meh's Book Boutique.
 19407 | Orc:2    | Found Qozer's Antique Armour Boutique.
 19430 | Orc:2    | Bought 3 scrolls of identify for 96 gold pieces
 19583 | Orc:2    | Found a runed door.
 19585 | Orc:2    | Noticed RexLacerta's ghost (journeyman HaHu)
 19620 | Orc:2    | Killed RexLacerta's ghost
 20068 | D:11     | Noticed Nergalle
 20080 | D:11     | Killed Nergalle
 20262 | D:11     | Noticed Fannar
 20272 | D:11     | Killed Fannar
 20526 | D:12     | Noticed Snorg
 20538 | D:12     | Killed Snorg
 20693 | D:12     | Noticed Nessos
 20703 | D:12     | Killed Nessos
 21386 | D:12     | Noticed Kirke
 21398 | D:12     | Noticed a sphinx
 21400 | D:12     | Killed Kirke
 21931 | D:13     | You fall through a shaft!
 21936 | D:14     | Reached skill level 15 in Axes
 21989 | D:14     | Found a stormy altar of Qazlal.
 22032 | D:14     | Found a gate leading to a gauntlet.
 22041 | Gauntlet | Entered a Gauntlet
 22041 | Gauntlet | Found a transporter.
 22050 | Gauntlet | Found a transporter.
 22066 | Gauntlet | Found a transporter.
 22073 | Gauntlet | Found a transporter.
 22088 | Gauntlet | Found a transporter.
 22108 | Gauntlet | Found a transporter.
 22120 | Gauntlet | Found a transporter.
 22132 | Gauntlet | Found a transporter.
 22144 | Gauntlet | Found a transporter.
 22156 | Gauntlet | Found a transporter.
 22173 | Gauntlet | Found a transporter.
 22190 | Gauntlet | Found a transporter.
 22192 | Gauntlet | Found a transporter.
 22220 | Gauntlet | Found a transporter.
 22222 | Gauntlet | Found a transporter.
 22224 | Gauntlet | Found a transporter.
 22252 | Gauntlet | Found a transporter.
 22254 | Gauntlet | Found a transporter.
 22363 | Gauntlet | Got a spiked helmet
 22364 | Gauntlet | Identified the +0 helmet "Udigodeh" {Int+3 Dex+4} (You
                  | found it in a Gauntlet)
 22429 | Gauntlet | Got a twisted hat
 22440 | Gauntlet | Identified the +2 hat "Qeovemn" {rC+ Regen+ Int+3 Dex+2}
                  | (You found it in a Gauntlet)
 22485 | Gauntlet | Reached XP level 16. HP: 122/140 MP: 22/23
 22502 | Gauntlet | Got a brightly glowing granite ring
 22597 | D:14     | HP: 4/140 [18-headed hydra (4)]
 22597 | D:14     | Mangled by an 18-headed hydra

Vault maps used:
D:1:      kb_arrival_jail, minmay_heptomino_h4
D:2:      first_ration, grunt_qazlal_clouds
D:3:      lemuel_crystal_altar, serial_forest, infiniplex_forest_clump_large,
          infiniplex_forest_end_1, infiniplex_forest_straight_2,
          infiniplex_forest_split, infiniplex_forest_straight_5,
          infiniplex_forest_lined_room_, infiniplex_forest_end_3,
          infiniplex_forest_straight_4
D:4:      nicolae_overflow_crystal_walls, nicolae_ru_great_annihilating_truth
D:5:      nemelex_xobeh_ov_fountains_minmay, nicolae_overflow_hidden_temple,
          bloody_trog, lemuel_doored_altar, serial_shops, shop,
          kennysheep_doodads, uniq_blork_the_orc
D:6:      lemuel_crystal_altar, roderic_roman_lattice, uniq_pikel, uniq_sigmund,
          uniq_grinder
D:7:      old_standard_altar, minmay_temple_entry_trees, grunt_ogre_cave,
          nicolae_tso_carved_into_rock, uniq_crazy_yiuf_cottage, uniq_harold
D:8:      elyvilon_altar_3, serial_shops, shop_statue, serial_curves,
          eino_curves_03, eino_curves_01
D:9:      makhleb_grotto_becter, erik_orc_2, minmay_misc_feat_cross,
          uniq_erolcha
D:10:     erik_lair_dragon
D:11:     small_statue_intersection, uniq_fannar, uniq_nergalle
D:12:     zaba_anthell, uniq_nessos, uniq_kirke, uniq_snorg
D:13:     ximxim_vaults_locker_room
D:14:     lemuel_altar_in_water, gauntlet_entry_generic
Temple:   minmay_freezing_vapour_temple
Lair:1:   cheibrodos_lair_caveside_slide
Lair:2:   spider_nest_entry_web_field, serial_forest, infiniplex_forest_end_2,
          infiniplex_forest_end_1, infiniplex_forest_clump_small,
          infiniplex_forest_corner_1, infiniplex_forest_lined_2,
          portal_ice_cave_entry_ice_beasts, infiniplex_staircase_pool_2
Lair:3:   palyth_hydra_swamp_entry, cheibrodos_lair_reptile_den
Lair:4:   basic_altar
Lair:5:   dpeg_slime_entry_enclosed_altar
Lair:6:   due_jungle_book, infiniplex_staircase_pool
Orc:1:    uniq_erica
Orc:2:    grunt_orc_cross, basic_altar, ebering_ghost_inner_flame,
          bloody_makhleb, uniq_rupert
IceCv:    ice_cave_statue_garden_transporter
Gauntlet: gammafunk_gauntlet_one_two_three

Skill      XL: |  1  2  3  4  5  6  7  8  9 10 11 12 13 14 15 |
---------------+----------------------------------------------+-----
Shields        | 3 4 5 7 8 9 |  9.0
Axes           | 3 4 6 8 9 10 12 13 15 | 15.3
Evocations     | 5 6 8 10 | 10.0
Fighting       | 5 7 8 |  8.0
Dodging        | 2 5 8 9 11 12 | 12.8
Invocations    | 2 6 9 |  9.0
Armour         | |  2.4

Action                   |  1- 3 |  4- 6 |  7- 9 | 10-12 | 13-15 | 16-18 || total
-------------------------+-------+-------+-------+-------+-------+-------++-------
Melee: War axe           |   133 |   133 |   267 |   901 |   893 |    17 ||  2344
       Constrict         |       |       |       |       |   157 |     2 ||   159
       Scimitar          |       |       |       |       |    29 |       ||    29
Throw: Throwing net      |       |       |       |     6 |       |       ||     6
Invok: Slouch            |       |       |       |     2 |     5 |       ||     7
       Temporal Distorti |       |       |       |     1 |       |       ||     1
 Abil: Spit Poison       |     1 |     9 |    11 |    11 |       |       ||    32
       Evoke Invisibilit |       |       |       |     1 |     6 |       ||     7
Evoke: Wand              |       |       |     1 |    17 |    15 |       ||    33
  Use: Scroll            |       |     5 |     8 |     7 |    17 |       ||    37
       Potion            |       |       |       |     1 |     2 |       ||     3
 Stab: Sleeping          |     1 |     1 |     4 |     4 |     5 |     2 ||    17
       Paralysed         |       |       |     7 |    17 |       |       ||    24
       Held in net/web   |       |       |       |     6 |       |       ||     6
       Invisible         |       |       |       |     2 |    44 |       ||    46
       Distracted        |       |       |       |       |     1 |       ||     1
  Eat: Chunk             |       |     2 |    10 |    10 |    11 |       ||    33
       Ration            |       |       |       |     3 |     4 |       ||     7
Armor: Scale mail        |    21 |       |       |       |       |       ||    21
       Ring mail         |    51 |    25 |       |    20 |       |       ||    96
       Robe              |       |    15 |    66 |    72 |       |       ||   153
       Troll leather arm |       |       |       |    95 |   221 |    11 ||   327
       Skin              |       |       |       |       |    10 |       ||    10
Dodge: Dodged            |    45 |    33 |    78 |   422 |   735 |    66 ||  1379
Block: Shield            |    88 |    56 |   163 |   683 |   837 |    37 ||  1864
       Rpst.: Scimitar   |       |       |       |       |     8 |       ||     8

Table legend:
 A = Non-vault XP
 B = Vault XP
 C = Vault XP percentage of total XP
 D = Non-vault monster count
 E = Vault monster count
 F = Vault count percentage of total count
                 A         B        C        D         E       F
            +---------+---------+-------+---------+---------+-------
      Total |   80613 |   50630 |  38.6 |     535 |     179 |  25.1
            +---------+---------+-------+---------+---------+-------
        D:1 |      51 |       4 |   7.3 |      18 |       3 |  14.3
        D:2 |      24 |       0 |   0.0 |      15 |       0 |   0.0
        D:3 |      73 |       0 |   0.0 |      31 |       0 |   0.0
        D:4 |     250 |      41 |  14.1 |      12 |       4 |  25.0
        D:5 |     389 |     732 |  65.3 |      12 |       2 |  14.3
        D:6 |     582 |     488 |  45.6 |      21 |       2 |   8.7
        D:7 |    1539 |    1150 |  42.8 |      28 |       3 |   9.7
        D:8 |    1177 |       0 |   0.0 |      28 |       0 |   0.0
        D:9 |    4937 |    2882 |  36.9 |      60 |      24 |  28.6
       D:10 |    1707 |     927 |  35.2 |      22 |       5 |  18.5
       D:11 |    2177 |    1845 |  45.9 |      27 |       2 |   6.9
       D:12 |    3011 |   13927 |  82.2 |      11 |      52 |  82.5
       D:13 |    2309 |       0 |   0.0 |       8 |       0 |   0.0
       D:14 |    5970 |       0 |   0.0 |      25 |       0 |   0.0
     Lair:1 |    4818 |       0 |   0.0 |      27 |       0 |   0.0
     Lair:2 |    3206 |    1030 |  24.3 |      15 |       8 |  34.8
     Lair:3 |    6729 |    1785 |  21.0 |      22 |      11 |  33.3
     Lair:4 |    4840 |       0 |   0.0 |      21 |       0 |   0.0
     Lair:5 |    9461 |       0 |   0.0 |      25 |       0 |   0.0
     Lair:6 |   22791 |    2876 |  11.2 |      43 |       5 |  10.4
      Orc:1 |     384 |       0 |   0.0 |       7 |       0 |   0.0
      Orc:2 |    4188 |   15096 |  78.3 |      57 |      35 |  38.0
      IceCv |       0 |    2733 | 100.0 |       0 |      10 | 100.0
   Gauntlet |       0 |    5114 | 100.0 |       0 |      13 | 100.0
            +---------+---------+-------+---------+---------+-------
